 Dungeon Crawl Stone Soup version 0.28-a0-1130-gc51a68064b (webtiles) character file.

Game seed: 5197008158625116778

2044 spaghetti the Cutter (level 9, -8/58 (59) HPs)
             Began as a Gnoll Chaos Knight on Dec 13, 2021.
             Was a Plaything of Xom.
             Mangled by a freezing wraith (21 damage)
             ... summoned by a worldbinder
             ... on level 7 of the Dungeon.
             The game lasted 00:18:46 (8131 turns).

spaghetti the Cutter (Gnoll Chaos Knight)           Turns: 8131, Time: 00:18:47

HP:   -8/58 (59)    AC: 15    Str: 10    XL:     9   Next: 24%
MP:   15/15         EV:  6    Int: 22    God:    Xom [*.....]
Gold: 238           SH:  0    Dex: 11    Spells: 11/16 levels left

rFire   . . .      SeeInvis .   a - +0 scimitar (protect) {long}
rCold   . . .      Faith    .   (no shield)
rNeg    . . .      Spirit   .   h - +2 chain mail {Will+}
rPois   .          Reflect  .   o - +2 helmet
rElec   .          Harm     .   (no cloak)
rCorr   .          Rampage  .   (no gloves)
Will    +....                   (no boots)
Stlth   ..........              (no amulet)
HPRegen 0.00/turn               j - +6 ring of intelligence
MPRegen 0.14/turn               q - ring of wizardry

@: sick, lightly drained
A: fangs 1, strong nose, distributed training, frail 2, weak 1
a: Renounce Religion


You were on level 7 of the Dungeon.
You worshipped Xom.
You were a special plaything of Xom.
You visited 1 branch of the dungeon, and saw 7 of its levels.
You visited the Abyss 1 time.

You collected 328 gold pieces.
You spent 90 gold pieces at shops.


Innate Abilities, Weirdness & Mutations

You have very sharp teeth.
Your uncanny sense of smell can sniff out nearby items.
Your experience applies equally to all skills.
You are very frail. (-20% HP)
You are weak. (Str -2)


   Skills:
 + Level 7.8 Fighting
 + Level 7.8 Short Blades
 + Level 4.0 Long Blades
 + Level 4.0 Axes
 + Level 4.0 Maces & Flails
 + Level 4.0 Polearms
 + Level 4.0 Staves
 + Level 4.0 Slings
 + Level 4.0 Bows
 + Level 4.0 Crossbows
 + Level 4.0 Throwing
 + Level 6.2 Armour
 + Level 4.9 Dodging
 + Level 4.0 Stealth
 + Level 4.0 Shields
 + Level 4.0 Unarmed Combat
 + Level 4.0 Spellcasting
 + Level 3.3 Conjurations
 + Level 3.3 Hexes
 + Level 3.3 Summonings
 + Level 3.3 Necromancy
 + Level 3.3 Translocations
 + Level 3.3 Transmutations
 + Level 3.3 Fire Magic
 + Level 3.3 Ice Magic
 + Level 3.3 Air Magic
 + Level 3.3 Earth Magic
 + Level 3.3 Poison Magic
 + Level 4.4 Invocations
 + Level 4.0 Evocations


You had 11 spell levels left.
You knew the following spells:

 Your Spells              Type           Power      Damage    Failure   Level
a - Passwall              Tmut/Erth      15%        N/A       58%         2
b - Stone Arrow           Conj/Erth      38%        3d9       82%         3

Your spell library contained the following spells:

 Spells                   Type           Power      Damage    Failure   Level
 Magic Dart               Conj           76%        1d6       45%         1
 Sandblast                Erth           38%        2d10      45%         1
 Searing Ray              Conj           38%        2d5       58%         2
 Summon Guardian Golem    Hex/Summ       19%        N/A       82%         3
 Fulminant Prism          Conj/Hex       9%         3d7       99%         4
 Alistair's Intoxication  Tmut/Pois      12%        N/A       100%        5
 Borgnjor's Vile Clutch   Necr/Erth      9%         N/A       100%        5
 Eringya's Noxious Bog    Tmut/Pois      9%         N/A       100%        6
 Orb of Destruction       Conj           9%         9d4       100%        7
 Spellforged Servitor     Conj/Summ      9%         N/A       100%        7

Inventory:

Hand Weapons
 a - a +0 scimitar of protection (weapon) {long}
   (You took it off an orc warrior on level 5 of the Dungeon)
 b - a +2 scimitar {long}
   (You took it off a wight on level 6 of the Dungeon)
 A - a +1 dagger of pain {short}
   (You took it off an orc priest on level 5 of the Dungeon)
Missiles
 c - 174 stones {throwing}
 f - 7 javelins {throwing}
 i - 81 bolts
 m - 49 sling bullets
 s - 2 silver javelins {throwing}
 w - 19 arrows
 y - 39 poisoned darts (quivered) {throwing}
 C - 10 boomerangs {throwing}
Armour
 h - a +2 chain mail of willpower (worn)
   (You took it off an orc warrior on level 5 of the Dungeon)
 o - a +2 helmet (worn)
   (You took it off Robin on level 2 of the Dungeon)
Jewellery
 d - a ring of positive energy
   (You found it on level 1 of the Dungeon)
 e - a ring of flight
   (You found it on level 1 of the Dungeon)
 j - a +6 ring of intelligence (left hand)
   (You found it on level 2 of the Dungeon)
 q - a ring of wizardry (right hand)
   (You found it on level 3 of the Dungeon)
Scrolls
 g - a scroll of amnesia {unknown}
 k - 2 scrolls of vulnerability {unknown}
 l - 3 scrolls of fear
 n - a scroll of noise {!r}
 t - 3 scrolls of identify {@r1}
 z - a scroll of acquirement {unknown}
 B - a scroll of immolation {unknown}
Potions
 p - a potion of flight
 v - a potion of magic
 x - a potion of degeneration {!q@e2}

Dungeon Overview and Level Annotations

Branches:
Dungeon (7/15)             Temple (0/1) D:7

Altars:
Hepliaklqana
Xom

Shops:
D:7 ?

Annotations:
D:4 3 runed translucent doors, exclusion: door, spiderkeys's ghost, amateur DEAK
D:6 2 runed translucent doors, exclusion: door
D:7 1 runed translucent door, Crazy Yiuf

# #.
############
#######
#..##...........
.......
#......PPPP..PP
._..PPP
#............
.)..... ∆
#....5.# ###...#
#....#####.
....# #
###.W...... ###
# ####@####### #
#.zxW# # #W####
### #. #.. ..∆
##.. .. ####...
# ..###....##
......#.###
.####..##.


You could see a skeletal warrior (summoned, expiring), 3 freezing wraiths, a
worldbinder and an ufetubus (fleeing).


Message History

😨 HP[-9]
You take 9 damage, and now have 23/58 hp. "Serve the toy, my child!"
The spriggan defender zombie hits you but does no damage.
Unknown command.
You swap places.
Something hits your iron imp! Something hits your iron imp!
Your iron imp dies!
Your iron imp degenerates into a cloud of primal chaos!
The spriggan defender zombie is engulfed in seething chaos.
The spriggan defender zombie flickers and vanishes!
Deactivating autopickup; reactivate with Ctrl-A. 😨 HP[+1] Unknown command.
The thrashing horror tramples you but does no damage. x2
Okay, then.
Okay, then.
The thrashing horror barely misses you.
The thrashing horror tramples you but does no damage.
The thrashing horror roars!
The thrashing horror tramples you.
* * * LOW HITPOINT WARNING * * *
You hold your ground!
The thrashing horror tramples you but does no damage.
The thrashing horror barely misses you.
The thrashing horror tramples you but does no damage. 😨 HP[-5]
You take 5 damage, and now have 19/58 hp. 😨 HP[+1] "Let's try an experiment, hmmm?"
Your eyebrows briefly feel incredibly bushy.
You are suddenly pulled into a different region of the Abyss!
Unknown command.
You start resting.
A small abomination comes into view. 😨 HP[+4]
You regained 4 hp, and now have 24/58 hp. 😨 HP[+1] 😨 HP[+1]
An ancient zyme comes into view.
You feel yourself growing ill in the presence of the ancient zyme.
The small abomination hits you!
* * * LOW HITPOINT WARNING * * *
😨 HP[-6]
You take 6 damage, and now have 20/58 hp.
The small abomination barely misses you.
You feel ill.
Okay, then.
Really read
u - a scroll of blinking {!r}?
Blink to where?
Press: ? - help, Dir - move target
As you read the scroll of blinking {!r}, it crumbles to dust.
Okay, then.
A worldbinder comes into view.
The worldbinder hits you but does no damage. x2
Found a gateway leading out of the Abyss.
Unknown command.
Unknown command.
The worldbinder calls forth creatures from the Crypt!
An ufetubus comes into view.
The ufetubus shouts!
The worldbinder calls forth creatures from the Crypt!
Found a gateway leading deeper into the Abyss.
The ufetubus hits you.
* * * LOW HITPOINT WARNING * * *
The ufetubus hits you but does no damage.
The worldbinder hits you but does no damage.
The worldbinder hits you.
* * * LOW HITPOINT WARNING * * *
There is a gateway leading out of the Abyss here. 😨 HP[-5]
You take 5 damage, and now have 15/58 hp.
The ufetubus barely misses you.
The ufetubus hits you but does no damage.
The worldbinder barely misses you.
The worldbinder hits you but does no damage.
The ufetubus hits you but does no damage. x2
You pass through the gate.
Welcome back to the Dungeon!
The freezing wraith disappears in a puff of smoke!
The necromancer disappears in a puff of smoke!
Level annotation: 1 runed translucent door, Crazy Yiuf Reactivating autopickup.
Unknown command.
Unknown command.
Unknown command.
Okay, then.
Unknown command.
As you read the scroll of fear, it crumbles to dust.
You assume a fearsome visage.
The ufetubus looks frightened!
The worldbinder is unaffected.
The worldbinder calls forth creatures from the Crypt!
Unknown command.
The worldbinder hits you but does no damage. x2
The worldbinder calls forth creatures from the Crypt!
The freezing wraith hits you.
* * * LOW HITPOINT WARNING * * *
The freezing wraith freezes you!!
You die...
Xom cackles wildly!

Skill      XL: |  1  2  3  4  5  6  7  8  9 |
---------------+----------------------------+-----
Invocations    | 1 2 3 4 |  4.4
Long Blades    | 1 2 3 4 |  4.0
Axes           | 1 2 3 4 |  4.0
Maces & Flails | 1 2 3 4 |  4.0
Polearms       | 1 2 3 4 |  4.0
Staves         | 1 2 3 4 |  4.0
Slings         | 1 2 3 4 |  4.0
Bows           | 1 2 3 4 |  4.0
Crossbows      | 1 2 3 4 |  4.0
Throwing       | 1 2 3 4 |  4.0
Stealth        | 1 2 3 4 |  4.0
Shields        | 1 2 3 4 |  4.0
Unarmed Combat | 1 2 3 4 |  4.0
Spellcasting   | 1 2 3 4 |  4.0
Evocations     | 1 2 3 4 |  4.0
Conjurations   | 1 2 3 |  3.3
Hexes          | 1 2 3 |  3.3
Summonings     | 1 2 3 |  3.3
Necromancy     | 1 2 3 |  3.3
Translocations | 1 2 3 |  3.3
Transmutations | 1 2 3 |  3.3
Fire Magic     | 1 2 3 |  3.3
Ice Magic      | 1 2 3 |  3.3
Air Magic      | 1 2 3 |  3.3
Earth Magic    | 1 2 3 |  3.3
Poison Magic   | 1 2 3 |  3.3
Dodging        | 3 4 |  4.9
Armour         | 5 6 |  6.2
Fighting       | 7 |  7.8
Short Blades   | 7 |  7.8

Action                   |  1- 3 |  4- 6 |  7- 9 || total
-------------------------+-------+-------+-------++-------
Melee: Short sword       |    55 |       |       ||    55
       Bite              |    11 |    10 |    22 ||    43
       Dagger            |    38 |   118 |   215 ||   371
       Kick              |     9 |    26 |    70 ||   105
       Punch             |       |       |     2 ||     2
       Scimitar          |       |       |    76 ||    76
Throw: Stone             |    12 |    30 |    32 ||    74
       Javelin           |     1 |       |       ||     1
       Dart              |       |       |    21 ||    21
 Cast: Stone Arrow       |       |    12 |    23 ||    35
       Passwall          |       |       |     1 ||     1
  Use: Potion            |       |     3 |     3 ||     6
       Scroll            |       |       |    10 ||    10
 Stab: Sleeping          |       |     2 |     5 ||     7
       Petrified         |       |     1 |       ||     1
       Invisible         |       |       |     5 ||     5
Armor: Leather armour    |    29 |    38 |    56 ||   123
       Chain mail        |       |       |   143 ||   143
Dodge: Dodged            |    48 |    51 |   132 ||   231

Levels and vault maps discovered:
D:1:      tarquinn_simple_flora_water_b, layout_basic,
          shapermc_ecumenical_altar_mp_urbaneastern
D:2:      layout_loops_corners, serial_bayou_lake_a, uniq_robin
D:3:      layout_loops_cross
D:4:      layout_loops_corners, mainiacjoe_overflow_alcove_1,
          portal_sewer_entry_e, gammafunk_ghost_icy, uniq_menkaure
D:5:      layout_basic
D:6:      lemuel_insect_pit, layout_cave_pools
D:7:      layout_rooms, mainiacjoe_overflow_boulevard,
          mainiacjoe_overflow_surrounded_room, temple_hall, serial_shops, shop,
          minivault_25, kennysheep_generic_room_7, uniq_crazy_yiuf_cottage

Notes
Turn   | Place    | Note
-------+----------+-------------------------------------------
     0 | D:1      | spaghetti the Gnoll Chaos Knight began the quest for the
                  | Orb.
     0 | D:1      | Reached XP level 1. HP: 23/23 MP: 1/1
     0 | D:1      | magus.rc [v1.9.6]
   261 | D:1      | XOM: divination: magic mapping
   301 | D:1      | Reached XP level 2. HP: 29/29 MP: 2/2
   326 | D:1      | XOM: divination: detect items
   361 | D:1      | Found a faded altar of an unknown god.
   619 | D:1      | XOM: silly message
   706 | D:1      | XOM: divination: detect creatures
   771 | D:1      | XOM: give mutations
   771 | D:1      | Gained mutation: You are agile. (Dex +2) [Xom's grace]
   771 | D:1      | Gained mutation: You are partially covered in iridescent
                  | scales. (AC +2) [Xom's grace]
   771 | D:1      | Gained mutation: You are very agile. (Dex +4) [Xom's grace]
   771 | D:1      | Gained mutation: You have large cloven feet. [Xom's grace]
  1143 | D:2      | Reached XP level 3. HP: 35/35 MP: 2/4
  1208 | D:2      | XOM: give mutations
  1208 | D:2      | Gained mutation: Your body sometimes deteriorates upon
                  | taking damage. [Xom's mischief]
  1208 | D:2      | Lost mutation: You are partially covered in iridescent
                  | scales. (AC +2) [Xom's mischief]
  1243 | D:2      | Reached skill level 1 in Invocations
  1339 | D:2      | XOM: silly message
  1474 | D:2      | You pick up a book of Geomancy and begin reading...
  1474 | D:2      | You add the spells Sandblast, Passwall and Stone Arrow to
                  | your library.
  1604 | D:2      | Noticed Robin
  1607 | D:2      | Reached skill level 1 in Long Blades
  1607 | D:2      | Reached skill level 1 in Axes
  1607 | D:2      | Reached skill level 1 in Maces & Flails
  1607 | D:2      | Reached skill level 1 in Polearms
  1607 | D:2      | Reached skill level 1 in Staves
  1607 | D:2      | Reached skill level 1 in Slings
  1607 | D:2      | Reached skill level 1 in Bows
  1607 | D:2      | Reached skill level 1 in Crossbows
  1607 | D:2      | Reached skill level 1 in Throwing
  1607 | D:2      | Reached skill level 1 in Stealth
  1607 | D:2      | Reached skill level 1 in Shields
  1607 | D:2      | Reached skill level 1 in Unarmed Combat
  1607 | D:2      | Reached skill level 1 in Spellcasting
  1607 | D:2      | Reached skill level 1 in Evocations
  1620 | D:2      | Reached XP level 4. HP: 35/41 MP: 5/5
  1625 | D:2      | Killed Robin
  1809 | D:2      | You pick up a book of Dangerous Friends and begin
                  | reading...
  1809 | D:2      | You add the spells Summon Guardian Golem, Orb of
                  | Destruction and Spellforged Servitor to your library.
  1844 | D:2      | Reached skill level 1 in Conjurations
  1844 | D:2      | Reached skill level 1 in Hexes
  1844 | D:2      | Reached skill level 1 in Summonings
  1844 | D:2      | Reached skill level 1 in Necromancy
  1844 | D:2      | Reached skill level 1 in Translocations
  1844 | D:2      | Reached skill level 1 in Transmutations
  1844 | D:2      | Reached skill level 1 in Fire Magic
  1844 | D:2      | Reached skill level 1 in Ice Magic
  1844 | D:2      | Reached skill level 1 in Air Magic
  1844 | D:2      | Reached skill level 1 in Earth Magic
  1844 | D:2      | Reached skill level 1 in Poison Magic
  2159 | D:3      | You add the spells Alistair's Intoxication, Borgnjor's Vile
                  | Clutch and Eringya's Noxious Bog to your library.
  2173 | D:3      | Learned a level 2 spell: Passwall
  2177 | D:3      | Learned a level 3 spell: Stone Arrow
  2232 | D:3      | XOM: silly message
  2439 | D:3      | Noticed a steam dragon
  2448 | D:3      | XOM: divination: magic mapping
  2451 | D:3      | HP: 5/41 [steam dragon] (6)]
  2453 | D:3      | Lost mutation: You have large cloven feet. [potion of
                  | mutation]
  2453 | D:3      | Lost mutation: Your body sometimes deteriorates upon taking
                  | damage. [potion of mutation]
  2453 | D:3      | Lost mutation: You are very agile. (Dex +4) [potion of
                  | mutation]
  2453 | D:3      | Gained mutation: Your natural rate of healing is unusually
                  | fast. [potion of mutation]
  2453 | D:3      | Gained mutation: You expend magic power (3 MP) to
                  | strengthen your wands. [potion of mutation]
  2453 | D:3      | Gained mutation: You have large cloven feet. [potion of
                  | mutation]
  2462 | D:3      | XOM: enchant monster (good)
  2468 | D:3      | Killed a steam dragon
  2469 | D:3      | Reached skill level 3 in Dodging
  2469 | D:3      | Reached skill level 2 in Invocations
  2469 | D:3      | Reached XP level 5. HP: 20/47 MP: 5/7
  2469 | D:3      | Reached XP level 6. HP: 22/53 MP: 5/8
  2780 | D:3      | XOM: scenery: summon butterflies
  3321 | D:4      | Identified the +6 short sword "Vyr Buit" {antimagic, rElec
                  | rF+ rN+++ Str-2}
  3358 | D:4      | XOM: blink monster(s)
  3378 | D:4      | Reached skill level 2 in Long Blades
  3378 | D:4      | Reached skill level 2 in Axes
  3378 | D:4      | Reached skill level 2 in Maces & Flails
  3378 | D:4      | Reached skill level 2 in Polearms
  3378 | D:4      | Reached skill level 2 in Staves
  3378 | D:4      | Reached skill level 2 in Slings
  3378 | D:4      | Reached skill level 2 in Bows
  3378 | D:4      | Reached skill level 2 in Crossbows
  3378 | D:4      | Reached skill level 2 in Throwing
  3378 | D:4      | Reached skill level 5 in Armour
  3378 | D:4      | Reached skill level 2 in Stealth
  3378 | D:4      | Reached skill level 2 in Shields
  3378 | D:4      | Reached skill level 2 in Unarmed Combat
  3378 | D:4      | Reached skill level 2 in Spellcasting
  3378 | D:4      | Reached skill level 2 in Evocations
  3455 | D:4      | Found a runed translucent gate.
  3457 | D:4      | Found a runed translucent gate.
  3458 | D:4      | Found a runed translucent gate.
  3467 | D:4      | Noticed an ice beast
  3510 | D:4      | Noticed spiderkeys's ghost (amateur DEAK)
  3584 | D:4      | Reached XP level 7. HP: 50/59 MP: 0/10
  3865 | D:4      | XOM: god gift: 17 bolts
  3897 | D:4      | Lost mutation: You expend magic power (3 MP) to strengthen
                  | your wands. [potion of mutation]
  3897 | D:4      | Lost mutation: You are agile. (Dex +2) [potion of mutation]
  3897 | D:4      | Gained mutation: You are frail. (-10% HP) [potion of
                  | mutation]
  3897 | D:4      | Gained mutation: You are weak. (Str -2) [potion of
                  | mutation]
  3909 | D:4      | Reached skill level 7 in Fighting
  3909 | D:4      | Reached skill level 7 in Short Blades
  3962 | D:4      | XOM: god gift: 30 gold pieces
  4120 | D:4      | Found a hazy altar of Hepliaklqana.
  4141 | D:4      | Reached skill level 2 in Conjurations
  4141 | D:4      | Reached skill level 2 in Hexes
  4141 | D:4      | Reached skill level 2 in Summonings
  4141 | D:4      | Reached skill level 2 in Necromancy
  4141 | D:4      | Reached skill level 2 in Translocations
  4141 | D:4      | Reached skill level 2 in Transmutations
  4141 | D:4      | Reached skill level 2 in Fire Magic
  4141 | D:4      | Reached skill level 2 in Ice Magic
  4141 | D:4      | Reached skill level 2 in Air Magic
  4141 | D:4      | Reached skill level 2 in Earth Magic
  4141 | D:4      | Reached skill level 2 in Poison Magic
  4328 | D:4      | You pick up a book of Conjurations {@e2} and begin
                  | reading...
  4328 | D:4      | You add the spells Magic Dart, Searing Ray and Fulminant
                  | Prism to your library.
  4422 | D:4      | You pick up a book of Geomancy and begin reading...
  4662 | D:4      | Noticed Menkaure
  4664 | D:4      | XOM: fog
  4671 | D:4      | Killed Menkaure
  4672 | D:4      | Reached skill level 3 in Invocations
  4961 | D:5      | Entered Level 5 of the Dungeon
  4975 | D:5      | XOM: summons 4 hostile demons
  5037 | D:4      | Reached XP level 8. HP: 60/60 MP: 8/12
  5137 | D:5      | XOM: god gift: scroll labelled JYMIFE GASHENT {god gift}
  5144 | D:5      | XOM: summons friendly ufetubus
  5154 | D:5      | Reached skill level 3 in Long Blades
  5154 | D:5      | Reached skill level 3 in Axes
  5154 | D:5      | Reached skill level 3 in Maces & Flails
  5154 | D:5      | Reached skill level 3 in Polearms
  5154 | D:5      | Reached skill level 3 in Staves
  5154 | D:5      | Reached skill level 3 in Slings
  5154 | D:5      | Reached skill level 3 in Bows
  5154 | D:5      | Reached skill level 3 in Crossbows
  5154 | D:5      | Reached skill level 3 in Throwing
  5154 | D:5      | Reached skill level 4 in Dodging
  5154 | D:5      | Reached skill level 3 in Stealth
  5154 | D:5      | Reached skill level 3 in Shields
  5154 | D:5      | Reached skill level 3 in Unarmed Combat
  5154 | D:5      | Reached skill level 3 in Spellcasting
  5154 | D:5      | Reached skill level 3 in Evocations
  5503 | D:5      | XOM: silly message
  5533 | D:5      | XOM: divination: detect items
  5538 | D:5      | XOM: 6-stop teleportation journey
  5711 | D:5      | XOM: divination: detect items
  5805 | D:5      | XOM: divination: magic mapping
  6081 | D:6      | XOM: silly message
  6217 | D:5      | XOM: potion effect (curing)
  6222 | D:5      | XOM: noise
  6592 | D:6      | XOM: silly message
  6636 | D:6      | XOM: silly message
  6639 | D:6      | XOM: potion effect (berserk rage)
  6641 | D:6      | Reached skill level 3 in Conjurations
  6641 | D:6      | Reached skill level 3 in Hexes
  6641 | D:6      | Reached skill level 3 in Summonings
  6641 | D:6      | Reached skill level 3 in Necromancy
  6641 | D:6      | Reached skill level 3 in Translocations
  6641 | D:6      | Reached skill level 3 in Transmutations
  6641 | D:6      | Reached skill level 3 in Fire Magic
  6641 | D:6      | Reached skill level 3 in Ice Magic
  6641 | D:6      | Reached skill level 3 in Air Magic
  6641 | D:6      | Reached skill level 3 in Earth Magic
  6641 | D:6      | Reached skill level 3 in Poison Magic
  6641 | D:6      | Reached skill level 4 in Invocations
  6773 | D:6      | XOM: silly message
  6780 | D:6      | Reached skill level 6 in Armour
  6913 | D:6      | Found a runed translucent door.
  6967 | D:6      | Found a runed translucent door.
  7002 | D:6      | Reached XP level 9. HP: 64/64 MP: 14/14
  7163 | D:7      | Found a runed translucent door.
  7164 | D:7      | Noticed Crazy Yiuf
  7282 | D:7      | Found a shimmering altar of Xom.
  7304 | D:7      | HP: 13/65 [orc warrior (17)]
  7304 | D:7      | XOM: butterfly on damage
  7369 | D:7      | XOM: potion effect (berserk rage)
  7561 | D:7      | Found a staircase to the Ecumenical Temple.
  7634 | D:7      | XOM: silly message
  7641 | D:7      | Found Emnezxus's Magic Scroll Shoppe.
  7658 | D:7      | XOM: potion effect (heal wounds)
  7674 | D:7      | Reached skill level 4 in Long Blades
  7674 | D:7      | Reached skill level 4 in Axes
  7674 | D:7      | Reached skill level 4 in Maces & Flails
  7674 | D:7      | Reached skill level 4 in Polearms
  7674 | D:7      | Reached skill level 4 in Staves
  7674 | D:7      | Reached skill level 4 in Slings
  7674 | D:7      | Reached skill level 4 in Bows
  7674 | D:7      | Reached skill level 4 in Crossbows
  7674 | D:7      | Reached skill level 4 in Throwing
  7674 | D:7      | Reached skill level 4 in Stealth
  7674 | D:7      | Reached skill level 4 in Shields
  7674 | D:7      | Reached skill level 4 in Unarmed Combat
  7674 | D:7      | Reached skill level 4 in Spellcasting
  7674 | D:7      | Reached skill level 4 in Evocations
  7674 | D:7      | XOM: potion effect (invisibility)
  7683 | D:7      | XOM: give mutation
  7683 | D:7      | Lost mutation: Your natural rate of healing is unusually
                  | fast. [Xom's mischief]
  7689 | D:7      | XOM: give mutation
  7689 | D:7      | Lost mutation: You have large cloven feet. [Xom's mischief]
  7706 | D:7      | Bought a scroll of identify for 24 gold pieces
  7706 | D:7      | Bought a scroll of fear for 42 gold pieces
  7706 | D:7      | Bought a scroll of identify for 24 gold pieces
  7907 | D:7      | XOM: 1-stop teleportation journey
  7911 | D:7      | Cast into level 1 of the Abyss (Xom)
  8016 | Abyss:1  | Noticed a hellwing
  8016 | Abyss:1  | XOM: give mutation
  8016 | Abyss:1  | Gained mutation: You are very frail. (-20% HP) [Xom's
                  | mischief]
  8016 | Abyss:1  | Noticed a hellwing
  8019 | Abyss:1  | Noticed a glowing orange brain
  8047 | Abyss:1  | Noticed a thrashing horror
  8061 | Abyss:1  | XOM: summons friendly iron imp
  8070 | Abyss:1  | XOM: silly message
  8104 | Abyss:1  | Noticed an ancient zyme
  8116 | Abyss:1  | Noticed a worldbinder
  8123 | Abyss:1  | Noticed a freezing wraith
  8126 | Abyss:1  | Noticed a necromancer
  8129 | D:7      | You pass through the gate.
  8129 | D:7      | Escaped the Abyss
  8131 | D:7      | Noticed a skeletal warrior
  8131 | D:7      | Noticed a freezing wraith
  8131 | D:7      | HP: 13/58 [freezing wraith[a worldbinder] (2)]
  8131 | D:7      | Mangled by a freezing wraith

Vanquished Creatures
  Menkaure (D:4)
  A steam dragon (D:3)
  2 ice beasts
  2 orc warriors
  2 ogres
  2 phantoms (D:4)
  A scorpion (D:6)
  2 bullfrogs (D:7)
  A wyvern zombie (D:6)
  5 wights
  A hound (D:4)
  A centaur zombie (D:6)
  A bullfrog zombie (D:6)
  2 orc priests
  A bullfrog skeleton (D:6)
  2 centaur skeletons
  5 orc wizards
  Robin (D:2)
  A howler monkey zombie (D:7)
  6 adders
  A river rat (D:4)
  2 white imps
  A worm (D:5)
  2 dart slugs
  19 orcs
  3 bats
  2 endoplasms (D:3)
  11 giant cockroaches
  13 goblins
  12 hobgoblins
  9 jackals
  4 kobolds
  5 quokkas
  6 ball pythons
  A frilled lizard (D:3)
  5 rats
136 creatures vanquished.

Vanquished Creatures (collateral kills)
  A centaur zombie (D:5)
  An iguana (D:5)
2 creatures vanquished.

Vanquished Creatures (others)
  A plant (D:2)
1 creature vanquished.

Grand Total: 139 creatures vanquished

Table legend:
 A = Non-vault XP
 B = Vault XP
 C = Vault XP percentage of total XP
 D = Non-vault monster count
 E = Vault monster count
 F = Vault count percentage of total count
                 A         B        C        D         E       F
            +---------+---------+-------+---------+---------+-------
      Total |    2672 |     248 |   8.5 |     116 |      22 |  15.9
            +---------+---------+-------+---------+---------+-------
        D:1 |      28 |       0 |   0.0 |      17 |       0 |   0.0
        D:2 |      70 |      39 |  35.8 |      18 |      13 |  41.9
        D:3 |     231 |       0 |   0.0 |      18 |       0 |   0.0
        D:4 |     511 |     209 |  29.0 |      22 |       9 |  29.0
        D:5 |     638 |       0 |   0.0 |      16 |       0 |   0.0
        D:6 |     627 |       0 |   0.0 |      10 |       0 |   0.0
        D:7 |     567 |       0 |   0.0 |      15 |       0 |   0.0
            +---------+---------+-------+---------+---------+-------

Illustrated notes

Table legend:
 A = Kills in this place as a percentage of kills in entire the game.
 B = Kills by you in this place as a percentage of kills by you in the entire game.
 C = Kills by friends in this place as a percentage of kills by friends in the entire game.
 D = Other kills in this place as a percentage of other kills in the entire game.
 E = Experience gained in this place as a percentage of experience gained in the entire game.
 F = Experience gained in this place divided by the number of levels of this place that you have seen.
                   A       B       C       D       E      F
               +-------+-------+-------+-------+-------+----------------------
         Total | 100.0 | 100.0 | 100.0 |   N/A | 100.0 | 365.0
       Dungeon | 100.0 | 100.0 | 100.0 |   N/A | 100.0 | 417.1
               +-------+-------+-------+-------+-------+----------------------

Table legend: (Time is in decaauts)
 A = Elapsed time spent in this place.
 B = Non-inter-level travel time spent in this place.
 C = Inter-level travel time spent in this place.
 D = Time resting spent in this place.
 E = Time spent auto-exploring this place.
 F = Levels seen in this place.
 G = Mean time per level.
                   A        B        C        D        E       F      G
               +--------+--------+--------+--------+--------+-----+--------+
         Total |   8072 |   7747 |    325 |   1383 |   5162 |   8 | 1009.0 |
       Dungeon |   7854 |   7529 |    325 |   1360 |   5058 |   7 | 1122.0 |
         Abyss |    217 |    217 |      0 |     23 |    104 |   1 |  217.0 |
               +--------+--------+--------+--------+--------+-----+--------+

Top non-repeatable levels by time:
     D:4: 1840 daAuts
     D:5: 1305 daAuts
     D:2: 1222 daAuts
     D:3: 1089 daAuts
     D:1: 942 daAuts
     D:7: 780 daAuts
     D:6: 674 daAuts
 Abyss:1: 217 daAuts
